TOP OF THE 1ST |
Augusta GreenJackets batting - Pitching for Great Lakes Loons : RHP Mark McDonald
|
Pitching: RHP Mark McDonald
|
|
Batting: RHB Mike Buchanan
|
0-0: Ball 1-0: SINGLE (Line Drive, 56, EV 96.9 MPH)
|
Batting: RHB Devin Lowery
|
0-0: Called Strike 0-1: Foul Ball, location: 2F 0-2: Fielders Choice at 2nd, 6-4 (Groundball, 6, EV 87.5 MPH)
|
Batting: LHB Carey Horncole
|
0-0: Ball 1-0: Ball Wild Pitch! Devin Lowery to second 2-0: Ball 3-0: Base on Balls
|
Batting: LHB Gabe Velez
|
0-0: Called Strike 0-1: Foul Ball, location: 2F 0-2: Ball 1-2: Foul Ball, location: 2F 1-2: Foul Ball, location: 2F 1-2: Ball 2-2: Ball 3-2: Foul Ball, location: 2F 3-2: Ground out 4-3 (Groundball, 4, EV 78.1 MPH) Devin Lowery to third Carey Horncole to second
|
Batting: RHB Justin Baldwin
|
0-0: Ground out 6-3 (Groundball, 6, EV 84.4 MPH)
|
Top of the 1st over - 0 runs, 1 hit, 0 errors, 2 left on base; Augusta 0 - Great Lakes 0 |
BOTTOM OF THE 1ST |
Great Lakes Loons batting - Pitching for Augusta GreenJackets : RHP Israel Alvarado
|
Pitching: RHP Israel Alvarado
|
|
Batting: RHB Ken Jenkins
|
0-0: Foul Ball, location: 2F 0-1: Called Strike 0-2: Ball 1-2: Fly out, F8 (Flyball, 8RXD, EV 101.9 MPH)
|
Batting: RHB Alex Mejia
|
0-0: Ball 1-0: Ground out U3 (Groundball, 3S, EV 94.4 MPH)
|
Batting: LHB Antonio Luis
|
0-0: Ground out 4-3 (Groundball, 34D, EV 102.5 MPH)
|
Bottom of the 1st over - 0 runs, 0 hits, 0 errors, 0 left on base; Augusta 0 - Great Lakes 0 |
TOP OF THE 2ND |
Augusta GreenJackets batting - Pitching for Great Lakes Loons : RHP Mark McDonald
|
Batting: RHB Chris King
|
0-0: Ball 1-0: Foul Ball, location: 2F 1-1: Foul Ball, location: 2F 1-2: Foul Ball, location: 2F 1-2: DOUBLE (Flyball, 8LXD, EV 105.6 MPH)
|
Batting: RHB Davey Beeson
|
0-0: Ball 1-0: Foul Ball, location: 2F 1-1: Ball 2-1: Ball 3-1: Foul Ball, location: 2F 3-2: Foul Ball, location: 2F 3-2: Base on Balls
|
Batting: RHB Juan Flores
|
0-0: Fly out, F3 (Popup, 34, EV 64.4 MPH)
|
Batting: RHB Sam Smith
|
0-0: Fly out, F7 (Flyball, 78S, EV 82.5 MPH)
|
Batting: RHB Mike Buchanan
|
0-0: Swinging Strike 0-1: Ball 1-1: Foul Ball, location: 2F 1-2: Foul Ball, location: 2F 1-2: Ball 2-2: Ball 3-2: SINGLE (Groundball, 56S, EV 67.5 MPH) (infield hit) Chris King to third Davey Beeson to second
|
Pitching: RHP Santiago Montero
|
|
Batting: RHB Devin Lowery
|
0-0: Called Strike 0-1: Swinging Strike 0-2: Ball 1-2: Ball 2-2: Ball 3-2: Foul Ball, location: 2F 3-2: Strikes out looking
|
Top of the 2nd over - 0 runs, 2 hits, 0 errors, 3 left on base; Augusta 0 - Great Lakes 0 |
BOTTOM OF THE 2ND |
Great Lakes Loons batting - Pitching for Augusta GreenJackets : RHP Israel Alvarado
|
Batting: RHB Mike Sims
|
0-0: Ball 1-0: Swinging Strike 1-1: Swinging Strike 1-2: Ball 2-2: Strikes out looking
|
Batting: LHB Jim Chalk
|
0-0: Called Strike 0-1: Ball 1-1: Foul Ball, location: 2F 1-2: Foul Ball, location: 2F 1-2: Strikes out swinging
|
Batting: LHB Alberto Chavez
|
0-0: Called Strike 0-1: Called Strike 0-2: Ball 1-2: Foul Ball, location: 2F 1-2: Ball 2-2: Foul Ball, location: 2F 2-2: Ball 3-2: SINGLE (Flyball, 7LM, EV 91.9 MPH)
|
Batting: RHB Phil Knox
|
0-0: Called Strike 0-1: Hit by Pitch Alberto Chavez to second
|
Batting: RHB Josh Kimbrell
|
0-0: Ball 1-0: Called Strike 1-1: Foul Ball, location: 2F 1-2: Fielders Choice at 2nd, 5-4 (Groundball, 5, EV 78.8 MPH)
|
Bottom of the 2nd over - 0 runs, 1 hit, 0 errors, 2 left on base; Augusta 0 - Great Lakes 0 |
TOP OF THE 3RD |
Augusta GreenJackets batting - Pitching for Great Lakes Loons : RHP Santiago Montero
|
Batting: LHB Carey Horncole
|
0-0: Ball 1-0: Foul Ball, location: 2F 1-1: Called Strike 1-2: Ball 2-2: Ball 3-2: SINGLE (Flyball, 8LS, EV 92.5 MPH) - OUT at second base trying to stretch hit.
|
Batting: LHB Gabe Velez
|
0-0: Ball 1-0: Ball 2-0: Called Strike 2-1: Reached on error, E4 (Popup, 13, EV 86.9 MPH)
|
Batting: RHB Justin Baldwin
|
0-0: Called Strike 0-1: Grounds into double play, 4-6-3 (Groundball, 4, EV 87.5 MPH)
|
Top of the 3rd over - 0 runs, 1 hit, 1 error, 0 left on base; Augusta 0 - Great Lakes 0 |
BOTTOM OF THE 3RD |
Great Lakes Loons batting - Pitching for Augusta GreenJackets : RHP Israel Alvarado
|
Batting: RHB Santos Guadalupe
|
0-0: Called Strike 0-1: Ball 1-1: Foul Ball, location: 2F 1-2: Ground out 5-3 (Groundball, 56, EV 85.6 MPH)
|
Batting: RHB Ken Jenkins
|
0-0: Ball 1-0: Called Strike 1-1: Called Strike 1-2: Foul Ball, location: 2F 1-2: DOUBLE (Line Drive, 3D, EV 94.4 MPH)
|
Batting: RHB Alex Mejia
|
0-0: Called Strike Ken Jenkins steals 3rd base 0-1: Ball 1-1: Called Strike 1-2: Ball 2-2: Foul Ball, location: 2F 2-2: Strikes out swinging
|
Batting: LHB Antonio Luis
|
0-0: Ball 1-0: Foul Ball, location: 2F 1-1: Ball 2-1: Foul Ball, location: 2F 2-2: Ground out 4-3 (Groundball, 34, EV 107.5 MPH)
|
Bottom of the 3rd over - 0 runs, 1 hit, 0 errors, 1 left on base; Augusta 0 - Great Lakes 0 |
TOP OF THE 4TH |
Augusta GreenJackets batting - Pitching for Great Lakes Loons : RHP Santiago Montero
|
Batting: RHB Chris King
|
0-0: Foul Ball, location: 2F 0-1: Ball 1-1: Foul Ball, location: 2F 1-2: Ground out 4-3 (Groundball, 4, EV 87.5 MPH)
|
Batting: RHB Davey Beeson
|
0-0: Ball 1-0: Ground out 5-3 (Groundball, 56S, EV 76.9 MPH)
|
Batting: RHB Juan Flores
|
0-0: Called Strike 0-1: SINGLE (Line Drive, 34, EV 97.5 MPH)
|
Batting: RHB Sam Smith
|
0-0: Swinging Strike 0-1: Ball 1-1: Swinging Strike 1-2: Ball Juan Flores steals 2nd base 2-2: Ball 3-2: Foul Ball, location: 2F 3-2: Strikes out swinging
|
Top of the 4th over - 0 runs, 1 hit, 0 errors, 1 left on base; Augusta 0 - Great Lakes 0 |
BOTTOM OF THE 4TH |
Great Lakes Loons batting - Pitching for Augusta GreenJackets : RHP Israel Alvarado
|
Batting: RHB Mike Sims
|
0-0: Called Strike 0-1: Ball 1-1: Ball 2-1: Foul Ball, location: 2F 2-2: Ball 3-2: SINGLE (Line Drive, 89M, EV 92.5 MPH)
|
Batting: LHB Jim Chalk
|
0-0: Ball 1-0: Ball 2-0: Ball 3-0: Called Strike 3-1: Fly out, F7 (Flyball, 7, EV 91.9 MPH)
|
Batting: LHB Alberto Chavez
|
0-0: Ball 1-0: Ball 2-0: Grounds into double play, 4-6-3 (Groundball, 4D, EV 85.0 MPH)
|
Bottom of the 4th over - 0 runs, 1 hit, 0 errors, 0 left on base; Augusta 0 - Great Lakes 0 |
TOP OF THE 5TH |
Augusta GreenJackets batting - Pitching for Great Lakes Loons : RHP Santiago Montero
|
Batting: RHB Mike Buchanan
|
0-0: Fly out, F8 (Line Drive, 8RD, EV 87.5 MPH)
|
Batting: RHB Devin Lowery
|
0-0: SOLO HOME RUN (Flyball, 78XD, EV 96.9 MPH), Distance : 401 ft
|
Batting: LHB Carey Horncole
|
0-0: Foul Ball, location: 2F 0-1: Ball 1-1: Ball 2-1: Ball 3-1: Called Strike 3-2: Foul Ball, location: 2F 3-2: Foul Ball, location: 2F 3-2: SINGLE (Groundball, 4MD, EV 104.4 MPH)
|
Batting: LHB Gabe Velez
|
0-0: Called Strike Carey Horncole steals 2nd base 0-1: Ball 1-1: Intentional Walk
|
Batting: RHB Justin Baldwin
|
0-0: Ball 1-0: Grounds into double play, 3-6-1 (Groundball, 34, EV 92.5 MPH)
|
Top of the 5th over - 1 run, 2 hits, 0 errors, 1 left on base; Augusta 1 - Great Lakes 0 |
BOTTOM OF THE 5TH |
Great Lakes Loons batting - Pitching for Augusta GreenJackets : RHP Israel Alvarado
|
Batting: RHB Phil Knox
|
0-0: Ground out 6-3 (Groundball, 6, EV 82.5 MPH)
|
Batting: RHB Josh Kimbrell
|
0-0: Called Strike 0-1: Called Strike 0-2: Strikes out swinging
|
Batting: RHB Santos Guadalupe
|
0-0: Ball 1-0: Ball 2-0: Called Strike 2-1: Ball 3-1: Base on Balls
|
Batting: RHB Ken Jenkins
|
0-0: Ball 1-0: Ball 2-0: Called Strike 2-1: Called Strike 2-2: Foul Ball, location: 2F 2-2: Strikes out looking
|
Bottom of the 5th over - 0 runs, 0 hits, 0 errors, 1 left on base; Augusta 1 - Great Lakes 0 |
TOP OF THE 6TH |
Augusta GreenJackets batting - Pitching for Great Lakes Loons : RHP Santiago Montero
|
Batting: RHB Chris King
|
0-0: Ball 1-0: Foul Ball, location: 2F 1-1: Ball 2-1: Ball 3-1: Called Strike 3-2: Foul Ball, location: 2F 3-2: Strikes out swinging
|
Batting: RHB Davey Beeson
|
0-0: Ball 1-0: SOLO HOME RUN (Flyball, 89XD, EV 99.4 MPH), Distance : 390 ft
|
Pitching: RHP Yuichi Nozawa
|
|
Batting: RHB Juan Flores
|
0-0: Ball 1-0: Ball 2-0: Ground out 6-3 (Groundball, 6, EV 91.2 MPH)
|
Batting: RHB Sam Smith
|
0-0: Ball 1-0: Ball 2-0: Ball 3-0: Base on Balls
|
Batting: RHB Mike Buchanan
|
0-0: DOUBLE (Groundball, 5L, EV 110.6 MPH) Sam Smith to third Runner from 3rd tries for Home, SAFE, throw by LF to home
|
Batting: RHB Devin Lowery
|
0-0: Called Strike 0-1: Fly out, F8 (Line Drive, 8LD, EV 103.8 MPH)
|
Top of the 6th over - 2 runs, 2 hits, 0 errors, 1 left on base; Augusta 3 - Great Lakes 0 |
BOTTOM OF THE 6TH |
Great Lakes Loons batting - Pitching for Augusta GreenJackets : RHP Israel Alvarado
|
Pitching: RHP Josh Aronhalt
|
|
Batting: RHB Alex Mejia
|
0-0: Called Strike 0-1: Foul Ball, location: 2F 0-2: Strikes out looking
|
Batting: LHB Antonio Luis
|
0-0: Ground out 6-3 (Groundball, 4, EV 90.0 MPH)
|
Batting: RHB Mike Sims
|
0-0: Ball 1-0: Called Strike 1-1: Ball 2-1: Foul Ball, location: 2F 2-2: Ball 3-2: Fly out, F8 (Flyball, 8LD, EV 96.9 MPH)
|
Bottom of the 6th over - 0 runs, 0 hits, 0 errors, 0 left on base; Augusta 3 - Great Lakes 0 |
TOP OF THE 7TH |
Augusta GreenJackets batting - Pitching for Great Lakes Loons : RHP Yuichi Nozawa
|
Batting: LHB Carey Horncole
|
0-0: Ball 1-0: Ball 2-0: Foul Ball, location: 2F 2-1: Ball 3-1: Base on Balls
|
Batting: LHB Gabe Velez
|
0-0: Ball 1-0: Foul Ball, location: 2F 1-1: Ball 2-1: Foul Ball, location: 2F 2-2: TRIPLE (Flyball, 8LXD, EV 103.1 MPH) Carey Horncole scores
|
Batting: RHB Justin Baldwin
|
0-0: Called Strike 0-1: SINGLE (Groundball, 6, EV 103.8 MPH) (infield hit) Gabe Velez scores
|
Batting: RHB Chris King
|
0-0: Called Strike 0-1: Ball 1-1: Foul Ball, location: 2F 1-2: Strikes out swinging
|
Batting: RHB Davey Beeson
|
0-0: Foul Ball, location: 2F 0-1: Foul Ball, location: 2F 0-2: Strikes out swinging
|
Batting: RHB Juan Flores
|
0-0: Ball 1-0: Fly out, F8 (Flyball, 8LXD, EV 95.0 MPH)
|
Top of the 7th over - 2 runs, 2 hits, 0 errors, 1 left on base; Augusta 5 - Great Lakes 0 |
BOTTOM OF THE 7TH |
Great Lakes Loons batting - Pitching for Augusta GreenJackets : RHP Josh Aronhalt
|
Batting: LHB Jim Chalk
|
0-0: Ground out U3 (Groundball, 34, EV 102.5 MPH)
|
Batting: LHB Alberto Chavez
|
0-0: Called Strike 0-1: Ball 1-1: Called Strike 1-2: Ball 2-2: Foul Ball, location: 2F 2-2: Foul Ball, location: 2F 2-2: Ball 3-2: Strikes out swinging
|
Batting: RHB Phil Knox
|
0-0: Foul Ball, location: 2F 0-1: Swinging Strike 0-2: Strikes out swinging
|
Bottom of the 7th over - 0 runs, 0 hits, 0 errors, 0 left on base; Augusta 5 - Great Lakes 0 |
TOP OF THE 8TH |
Augusta GreenJackets batting - Pitching for Great Lakes Loons : RHP Yuichi Nozawa
|
Batting: RHB Sam Smith
|
0-0: Ball 1-0: Called Strike 1-1: Ball 2-1: Foul Ball, location: 2F 2-2: Foul Ball, location: 2F 2-2: Ball 3-2: Base on Balls
|
Batting: RHB Mike Buchanan
|
0-0: Ball 1-0: Fielders Choice at 2nd, 5-4 (Groundball, 56, EV 103.8 MPH)
|
Batting: RHB Devin Lowery
|
0-0: Ball Mike Buchanan steals 2nd base 1-0: Ball 2-0: Fly out, F8 (Flyball, 8LS, EV 79.4 MPH)
|
Batting: LHB Carey Horncole
|
0-0: Ball 1-0: Ball 2-0: Fly out, F3 (Line Drive, 3, EV 75.6 MPH)
|
Top of the 8th over - 0 runs, 0 hits, 0 errors, 1 left on base; Augusta 5 - Great Lakes 0 |
BOTTOM OF THE 8TH |
Great Lakes Loons batting - Pitching for Augusta GreenJackets : RHP Josh Aronhalt
|
Batting: RHB Josh Kimbrell
|
0-0: Foul Ball, location: 2F 0-1: Ball 1-1: Called Strike 1-2: Foul Ball, location: 2F 1-2: Ground out 1-3 (Groundball, 15S, EV 65.6 MPH)
|
Pinch Hitting: LHB Chris Barrera
|
0-0: Called Strike 0-1: Called Strike 0-2: Ball 1-2: SINGLE (Groundball, 56D, EV 101.2 MPH)
|
Batting: RHB Ken Jenkins
|
0-0: Foul Ball, location: 2F 0-1: Foul Ball, location: 2F 0-2: Ball 1-2: SINGLE (Line Drive, 56D, EV 104.4 MPH) Chris Barrera to second
|
Batting: RHB Alex Mejia
|
0-0: Ball 1-0: Ball 2-0: Called Strike 2-1: Ball Wild Pitch! Chris Barrera to third Ken Jenkins to second 3-1: Foul Ball, location: 2F 3-2: Fly out, F8 (Flyball, 8RS, EV 79.4 MPH)
|
Batting: LHB Antonio Luis
|
0-0: Ball 1-0: Swinging Strike 1-1: Fly out, F8 (Line Drive, 8RM, EV 90.0 MPH)
|
Bottom of the 8th over - 0 runs, 2 hits, 0 errors, 2 left on base; Augusta 5 - Great Lakes 0 |
TOP OF THE 9TH |
Augusta GreenJackets batting - Pitching for Great Lakes Loons : RHP Yuichi Nozawa
|
Now at 3B: Antonio Luis
|
|
Now in RF: Chris Barrera
|
|
Batting: LHB Gabe Velez
|
0-0: Ball 1-0: Foul Ball, location: 2F 1-1: Ball 2-1: Called Strike 2-2: Foul Ball, location: 2F 2-2: DOUBLE (Line Drive, 8LXD, EV 108.1 MPH)
|
Pitching: RHP Angel Rivas
|
|
Batting: RHB Justin Baldwin
|
0-0: Ground out 6-3 (Groundball, 6, EV 98.8 MPH)
|
Batting: RHB Chris King
|
0-0: Called Strike 0-1: Called Strike 0-2: Ball 1-2: Fly out, F8 (Flyball, 8LS, EV 85.6 MPH)
|
Batting: RHB Davey Beeson
|
0-0: Ball 1-0: SINGLE (Line Drive, 89S, EV 106.2 MPH) Gabe Velez to third
|
Batting: RHB Juan Flores
|
0-0: Ball 1-0: Ball 2-0: Fly out, F7 (Line Drive, 7, EV 90.0 MPH)
|
Top of the 9th over - 0 runs, 2 hits, 0 errors, 2 left on base; Augusta 5 - Great Lakes 0 |
BOTTOM OF THE 9TH |
Great Lakes Loons batting - Pitching for Augusta GreenJackets : RHP Josh Aronhalt
|
Batting: RHB Mike Sims
|
0-0: Ball 1-0: Called Strike 1-1: Ball 2-1: Foul Ball, location: 2F 2-2: Fly out, F6 (Flyball, 56D, EV 85.0 MPH)
|
Batting: LHB Jim Chalk
|
0-0: Hit by Pitch
|
Pitching: LHP Ian Martin
|
|
Batting: LHB Alberto Chavez
|
0-0: Hit by Pitch Jim Chalk to second
|
Batting: RHB Phil Knox
|
0-0: Ball 1-0: Called Strike 1-1: SINGLE (Line Drive, 4M, EV 94.4 MPH) Jim Chalk to third Alberto Chavez to second
|
Batting: RHB Josh Kimbrell
|
0-0: Ball 1-0: Ball 2-0: Foul Ball, location: 2F 2-1: Ball 3-1: Swinging Strike 3-2: Foul Ball, location: 2F 3-2: Strikes out swinging
|
Pinch Hitting: RHB Jayden Copeland
|
0-0: Called Strike 0-1: Ball 1-1: SINGLE (Groundball, 56D, EV 105.0 MPH) Jim Chalk scores Alberto Chavez to third Phil Knox to second
|
Batting: RHB Ken Jenkins
|
0-0: SINGLE (Groundball, 6D, EV 100.0 MPH) Alberto Chavez scores Phil Knox to third Jayden Copeland to second
|
Batting: RHB Alex Mejia
|
0-0: Ball 1-0: Called Strike 1-1: Fly out, F8 (Flyball, 8RM, EV 96.2 MPH)
|
Bottom of the 9th over - 2 runs, 3 hits, 0 errors, 3 left on base; Augusta 5 - Great Lakes 2 |
|